 Dungeon Crawl Stone Soup version 0.31-a0-640-g39d97e502b (webtiles) character file.

Game seed: 16022645153986015128

75 qw the Shooter (level 4, -1/28 HPs)
             Began as a Gargoyle Hunter on Aug 27, 2023.
             Slain by an iguana (5 damage)
             ... on level 3 of the Dungeon.
             The game lasted 00:00:41 (1860 turns).

qw the Shooter (Gargoyle Hunter)                    Turns: 1860, Time: 00:00:42

Health: -1/28      AC:  7    Str: 15    XL:     4   Next: 31%
Magic:  4/4        EV: 11    Int:  9    God:
Gold:   124        SH:  0    Dex: 15    Spells: 3/3 levels left

rFire   . . .        Y - +0 shortbow
rCold   . . .        (shield currently unavailable)
rNeg    + . .        c - +0 leather armour
rPois   inf          (no helmet)
rElec   +            (no cloak)
rCorr   .            (no gloves)
SInv    .            f - +0 pair of boots
Will    .....        (no amulet)
Stlth   ++           (no ring)
HPRegen 0.24/turn    (no ring)
MPRegen 0.09/turn

%: no passive effects
@: about to teleport
A: sickness immunity, AC +3, negative energy resistance 1, electricity
resistance, torment resistance 1, petrification resistance
a: no special abilities


You were on level 3 of the Dungeon.
You visited 1 branch of the dungeon, and saw 3 of its levels.

You collected 124 gold pieces.


Innate Abilities, Weirdness & Mutations

You are immune to sickness and miasma.
Your stone body is resilient. (AC +3)
You are immune to poison.
You resist negative energy. (rN+)
You are resistant to electric shocks. (rElec)
You are resistant to unholy torment.
You are immune to petrification.


   Skills:
 - Level 3.0 Fighting
 + Level 5.3 Ranged Weapons
 - Level 1.5 Dodging
 - Level 1.1 Stealth


You had 3 spell levels left.
You didn't know any spells.
Your spell library was empty.

Inventory:

Hand Weapons
 Y - a +0 shortbow (weapon)
Armour
 c - a +0 leather armour (worn)
 f - a +0 pair of boots (worn)
Scrolls
 a - a scroll of amnesia {unknown}
 e - a scroll of enchant weapon {unknown}
Potions
 d - a potion of curing
 g - a potion of degeneration {unknown}
 h - a potion of mutation {unknown}
 i - a potion of lignification {unknown}

Dungeon Overview and Level Annotations

Branches:
Dungeon (3/15)

Altars:


Message History

The iguana is lightly wounded.
You shoot an arrow. The arrow barely misses the iguana.
The iguana barely misses you. The iguana bites you!
You shoot an arrow. The arrow barely misses the iguana.
The iguana bites you.
You shoot an arrow. The arrow barely misses the iguana.
The iguana completely misses you.
You shoot an arrow. The arrow closely misses the iguana.
The iguana closely misses you.
You shoot an arrow. The arrow hits the iguana.
The iguana is lightly wounded.
The iguana closely misses you.
You shoot an arrow. The arrow barely misses the iguana.
The iguana bites you.
You shoot an arrow. The arrow hits the iguana.
The iguana is heavily wounded.
The iguana closely misses you.
You shoot an arrow.
The arrow hits the iguana but does no damage.
The iguana is heavily wounded.
The iguana bites you. The iguana closely misses you.
You shoot an arrow. The arrow closely misses the iguana.
The iguana barely misses you.
You shoot an arrow.
The arrow hits the iguana but does no damage.
The iguana is heavily wounded.
The iguana bites you!
You shoot an arrow. The arrow closely misses the iguana.
The iguana bites you.
You shoot an arrow. The arrow hits the iguana.
The iguana is severely wounded.
The iguana bites you.
The iguana bites you but does no damage.
1859 ||| READING scroll of teleportation.
As you read the scroll of teleportation, it crumbles to dust.
You feel strangely unstable. The iguana closely misses you.
You shoot an arrow. The arrow barely misses the iguana.
The iguana bites you.
You die...

###.###
.....
.....
... ...
#.#
###l##
#..@.#
#....#
#...%#
#....#
#....#
#....#
#....#
###.##
#.#


You could see an iguana.

Vanquished Creatures
  2 adders (D:2)
  A worm (D:2)
  An orc (D:3)
  6 bats
  5 endoplasms
  4 hobgoblins
  3 jackals (D:2)
  4 kobolds
  A quokka (D:2)
  4 ball pythons
  4 frilled lizards
  9 goblins
  7 rats
51 creatures vanquished.

Notes
Turn   | Place    | Note
-------+----------+-------------------------------------------
     0 | D:1      | qw the Gargoyle Hunter began the quest for the Orb.
     0 | D:1      | Reached XP level 1. HP: 12/12 MP: 1/1
     0 | D:1      | 0 ||| qw: Version: 0.3-a-74-g56b0e0c
     0 | D:1      | 0 ||| qw: Game counter: 4
     0 | D:1      | 0 ||| qw: Melee chars always use a shield: true
     0 | D:1      | 0 ||| qw: God list: Okawaru
     0 | D:1      | 0 ||| qw: Allow faded altars: false
     0 | D:1      | 0 ||| qw: Do Orc after clearing Dungeon:15 true
     0 | D:1      | 0 ||| qw: Do second Lair branch before Depths: true
     0 | D:1      | 0 ||| qw: Lair rune preference: random
     0 | D:1      | 0 ||| qw: Goals: Normal
     0 | D:1      | 0 ||| PLANNING D:1-11
   306 | D:1      | Reached XP level 2. HP: 17/17 MP: 2/2
   913 | D:1      | 913 ||| UPGRADING to +0 pair of boots.
   918 | D:1      | 918 ||| READING scroll labelled USYATR GECA.
   919 | D:1      | 919 ||| READING scroll labelled NAVVEWUDUE.
   920 | D:1      | 920 ||| DRINKING 2 metallic emerald potions.
   921 | D:1      | 921 ||| DRINKING 2 golden potions.
  1026 | D:1      | 1026 ||| DROPPING scroll of butterflies.
  1027 | D:1      | 1027 ||| DROPPING potion of berserk rage.
  1039 | D:2      | 1039 ||| STAIRDANCE
  1095 | D:2      | Reached skill level 5 in Ranged Weapons
  1095 | D:2      | Reached XP level 3. HP: 21/21 MP: 3/3
  1474 | D:2      | Reached skill level 3 in Fighting
  1536 | D:2      | Reached XP level 4. HP: 28/28 MP: 4/4
  1691 | D:2      | 1691 ||| READING scroll labelled ASCHEN JOET HESU.
  1692 | D:2      | 1692 ||| READING 2 scrolls labelled DIPPOU NUCO.
  1696 | D:2      | 1696 ||| READING scroll labelled WODAHY HEUM.
  1858 | D:3      | HP: 4/28 [iguana (6)]
  1859 | D:3      | 1859 ||| READING scroll of teleportation.
  1860 | D:3      | Slain by an iguana

Levels and vault maps discovered:
D:1:      saegor_arrival_simple_e, layout_basic
D:2:      layout_loops_cross, dk_noncrumbling_4
D:3:      layout_basic, basic_ecumenical_altar, uniq_terence

Skill      XL: |  1  2  3 |
---------------+----------+-----
Ranged Weapons | 5 |  5.3
Fighting       | 3 |  3.0
Dodging        | |  1.5
Stealth        | |  1.1

Action                     |  1- 3 |  4- 6 || total
---------------------------+-------+-------++-------
   Fire: Shortbow          |   107 |    47 ||   154
    Use: Scroll            |     2 |     4 ||     6
         Potion            |     2 |       ||     2
 Armour: Leather armour    |    15 |     2 ||    17
  Dodge: Dodged            |    22 |    13 ||    35

Table legend:
 A = Non-vault XP
 B = Vault XP
 C = Vault XP percentage of total XP
 D = Non-vault monster count
 E = Vault monster count
 F = Vault count percentage of total count
                 A         B        C        D         E       F
            +---------+---------+-------+---------+---------+-------
      Total |     108 |       0 |   0.0 |      51 |       0 |   0.0
            +---------+---------+-------+---------+---------+-------
        D:1 |      26 |       0 |   0.0 |      17 |       0 |   0.0
        D:2 |      71 |       0 |   0.0 |      28 |       0 |   0.0
        D:3 |      11 |       0 |   0.0 |       6 |       0 |   0.0
            +---------+---------+-------+---------+---------+-------
